 Dungeon Crawl Stone Soup version 0.31-a0-180-g519b7de00c (webtiles) character file.

Game seed: 16816438547286197840

123 qw the Shooter (level 5, -1/49 HPs)
             Began as a Naga Hunter on June 19, 2023.
             Slain by a goblin
             ... wielding a +0 dagger
             ... led by Robin
              (3 damage)
             ... on level 3 of the Dungeon.
             The game lasted 00:00:49 (1661 turns).

qw the Shooter (Naga Hunter)                        Turns: 1661, Time: 00:00:49

Health: -1/49      AC:  3    Str: 13 (14) XL:     5   Next: 7%
Magic:  5/5        EV:  9    Int:  8 (9)  God:
Gold:   124        SH:  0    Dex: 15 (16) Spells: 4/4 levels left

rFire   . . .        Y - +0 shortbow
rCold   . . .        (shield currently unavailable)
rNeg    . . .        c - +0 leather armour
rPois   +            (no helmet)
rElec   .            (no cloak)
rCorr   .            (no gloves)
SInv    +            (no barding)
Will    .....        h - amulet of regeneration
Stlth   ++           (no ring)
HPRegen 1.08/turn    (no ring)
MPRegen 0.09/turn

%: no passive effects
@: short of breath, very slow
A: AC +1, large, see invisible, deformed body, poison resistance, slowness 2,
spit poison 1, naga tail 1
a: Spit Poison


You were on level 3 of the Dungeon.
You visited 1 branch of the dungeon, and saw 3 of its levels.

You collected 124 gold pieces.


Innate Abilities, Weirdness & Mutations

Your serpentine skin is tough. (AC +1)
You have supernaturally acute eyesight. (SInv)
Armour fits poorly on your strangely shaped body.
Your system is resistant to poisons. (rPois)
You cover ground very slowly.
You can spit poison.
You have a snake-like lower body.


   Skills:
 - Level 3.0 Fighting
 + Level 5.2 Ranged Weapons
 - Level 1.5 Dodging
 - Level 1.5 Stealth


You had 4 spell levels left.
You didn't know any spells.
Your spell library was empty.

Inventory:

Hand Weapons
 Y - a +0 shortbow (weapon)
Armour
 c - a +0 leather armour (worn)
Jewellery
 h - an amulet of regeneration (around neck)
Potions
 d - a potion of resistance
 e - a potion of enlightenment {unknown}
 f - a potion of haste
 g - a potion of invisibility {unknown}
 j - 2 potions of brilliance {unknown}
 k - a potion of might {unknown}

Dungeon Overview and Level Annotations

Branches:
Dungeon (3/15)

Altars:

Shops:
D:1 *   D:2 (

Annotations:
D:3 Robin


Message History

The goblin completely misses you. Robin throws the goblin at you!
The goblin closely misses you.
A goblin comes into view. It is wielding a +0 club.
You feel your intelligence returning.
Your Fighting skill increases to level 3!
You have reached level 5!
You shoot an arrow. The arrow hits Robin.
Robin is heavily wounded.
The goblin hits you with a +0 dagger.
Robin roars a battlecry!
The goblin goes into a battle-frenzy!
The goblin barely misses you.
You hear a shout!
You shoot an arrow. The arrow closely misses Robin.
You hear an angry hiss.
Robin barely misses you. The goblin hits you with a +0 dagger.
The goblin barely misses you. Robin throws the goblin at you!
The goblin hits you with a +0 dagger. The goblin closely misses you.
The goblin hits you but does no damage.
You shoot an arrow. The arrow hits Robin.
Robin is severely wounded.
You have got your breath back.
An orc comes into view. It is wielding a +0 short sword.
The goblin barely misses you.
Robin roars a battlecry!
The goblin goes into a battle-frenzy!
The goblin hits you with a +0 dagger. The goblin barely misses you.
The goblin hits you with a +0 club.
A goblin comes into view. It is wielding a +0 dagger.
The orc shouts!
1661 ||| INVOKING Spit Poison.
Aiming: Spit Poison (1% risk of failure)
Press: ? - help, Shift-Dir - straight line, f/p - Robin The splash of poison hits Robin but does no damage.
Robin is poisoned.
Robin is severely wounded.
You hear a shout!
The goblin hits you with a +0 dagger. The goblin hits you with a +0 club.
The goblin hits you with a +0 dagger.
You die...

.#########.#.#%.....#
.###...%.....#.####.# .
.....#####.###.####.####....
.##........# #.##.......>...
.##..####### #.##.#.####....
.###.# #.......# . ## #.#
#.......# ##.## #.##g##.#
#...# #.g@g##.# #...#
#.gg###.# ###...# #.#.# #..
.##...###.. .....g ..)
..........#####.)# ##..
........... #..# ..
#.........# #.o# ###...###.#
.... #...# ...


You could see Robin (poisoned), an orc and 5 goblins.

Vanquished Creatures
  An iguana (D:3)
  2 adders (D:3)
  A worm (D:3)
  3 dart slugs
  2 orcs (D:3)
  6 ball pythons
  7 bats
  6 endoplasms
  A giant cockroach (D:2)
  7 goblins
  5 hobgoblins
  7 jackals (D:2)
  6 kobolds
  A quokka (D:1)
  3 frilled lizards
  4 rats
62 creatures vanquished.

Notes
Turn   | Place    | Note
-------+----------+-------------------------------------------
     0 | D:1      | qw the Naga Hunter began the quest for the Orb.
     0 | D:1      | Reached XP level 1. HP: 19/19 MP: 1/1
     0 | D:1      | 0 ||| qw: Version: 0.3-a-7-ge0c9b40
     0 | D:1      | 0 ||| qw: Game counter: 1052
     0 | D:1      | 0 ||| qw: Always use a shield: true
     0 | D:1      | 0 ||| qw: God list: Okawaru
     0 | D:1      | 0 ||| qw: Allow faded altars: false
     0 | D:1      | 0 ||| qw: Do Orc after D:15 true
     0 | D:1      | 0 ||| qw: Do second Lair branch before Depths: true
     0 | D:1      | 0 ||| qw: Lair rune preference: random
     0 | D:1      | 0 ||| qw: Plans: Normal
     0 | D:1      | 0 ||| PLANNING D:1-11
    19 | D:1      | 19 ||| INVOKING Spit Poison.
    23 | D:1      | 23 ||| INVOKING Spit Poison.
    26 | D:1      | 26 ||| INVOKING Spit Poison.
    27 | D:1      | 27 ||| INVOKING Spit Poison.
    89 | D:1      | 89 ||| INVOKING Spit Poison.
    93 | D:1      | 93 ||| INVOKING Spit Poison.
    96 | D:1      | 96 ||| INVOKING Spit Poison.
   104 | D:1      | 104 ||| INVOKING Spit Poison.
   107 | D:1      | 107 ||| INVOKING Spit Poison.
   111 | D:1      | Reached skill level 4 in Ranged Weapons
   111 | D:1      | Reached XP level 2. HP: 22/26 MP: 2/2
   129 | D:1      | 129 ||| INVOKING Spit Poison.
   150 | D:1      | 150 ||| INVOKING Spit Poison.
   183 | D:1      | 183 ||| INVOKING Spit Poison.
   185 | D:1      | Found Bann's Assorted Antiques.
   198 | D:1      | 198 ||| INVOKING Spit Poison.
   202 | D:1      | 202 ||| SHOPLISTING pair of embroidered gloves (157 gold,
                  | have 14).
   202 | D:1      | 202 ||| SHOPLISTING scroll labelled EHOQEW TOSO DUTH (21
                  | gold, have 14).
   202 | D:1      | 202 ||| SHOPLISTING scroll labelled NEIRONO GUKK (21 gold,
                  | have 14).
   202 | D:1      | 202 ||| SHOPLISTING scroll labelled RUSTRA XIMO (21 gold,
                  | have 14).
   215 | D:1      | 215 ||| INVOKING Spit Poison.
   216 | D:1      | Reached XP level 3. HP: 32/32 MP: 3/3
   236 | D:1      | 236 ||| INVOKING Spit Poison.
   415 | D:1      | 415 ||| UPGRADING to amulet of regeneration.
   420 | D:1      | 420 ||| READING scroll labelled VUOTIN GEKK.
   421 | D:1      | 421 ||| READING scroll labelled UHAROR RIGGENG.
   422 | D:1      | 422 ||| READING scroll labelled POIBINL CIMA.
   423 | D:1      | 423 ||| DRINKING 2 smoky cyan potions.
   424 | D:1      | 424 ||| DROPPING scroll of butterflies.
   425 | D:1      | 425 ||| DROPPING potion of degeneration.
   466 | D:2      | 466 ||| INVOKING Spit Poison.
   469 | D:2      | 469 ||| INVOKING Spit Poison.
   472 | D:2      | 472 ||| INVOKING Spit Poison.
   503 | D:2      | 503 ||| INVOKING Spit Poison.
   613 | D:2      | 613 ||| INVOKING Spit Poison.
   628 | D:2      | 628 ||| INVOKING Spit Poison.
   633 | D:2      | 633 ||| INVOKING Spit Poison.
   646 | D:2      | Found Quhaum's Weapon Boutique.
   689 | D:2      | 689 ||| INVOKING Spit Poison.
   718 | D:2      | 718 ||| INVOKING Spit Poison.
   729 | D:2      | 729 ||| INVOKING Spit Poison.
   786 | D:2      | 786 ||| INVOKING Spit Poison.
   892 | D:2      | 892 ||| INVOKING Spit Poison.
  1315 | D:2      | 1315 ||| DROPPING ring of magical power.
  1316 | D:2      | 1316 ||| READING scroll labelled ZAEBAI GUAC.
  1317 | D:2      | 1317 ||| READING scroll labelled GUPROIL NYTAIP.
  1318 | D:2      | 1318 ||| DRINKING 2 fizzy clear potions.
  1319 | D:2      | 1319 ||| DRINKING 2 ruby potions.
  1354 | D:3      | 1354 ||| INVOKING Spit Poison.
  1361 | D:3      | 1361 ||| INVOKING Spit Poison.
  1364 | D:3      | Reached skill level 5 in Ranged Weapons
  1364 | D:3      | Reached XP level 4. HP: 30/39 MP: 4/4
  1384 | D:3      | 1384 ||| INVOKING Spit Poison.
  1392 | D:3      | 1392 ||| INVOKING Spit Poison.
  1405 | D:3      | 1405 ||| INVOKING Spit Poison.
  1406 | D:3      | 1406 ||| INVOKING Spit Poison.
  1414 | D:3      | 1414 ||| INVOKING Spit Poison.
  1476 | D:3      | 1476 ||| INVOKING Spit Poison.
  1488 | D:3      | 1488 ||| INVOKING Spit Poison.
  1492 | D:3      | 1492 ||| INVOKING Spit Poison.
  1508 | D:3      | 1508 ||| INVOKING Spit Poison.
  1582 | D:3      | 1582 ||| INVOKING Spit Poison.
  1588 | D:3      | 1588 ||| INVOKING Spit Poison.
  1607 | D:3      | 1607 ||| INVOKING Spit Poison.
  1613 | D:3      | 1613 ||| INVOKING Spit Poison.
  1634 | D:3      | 1634 ||| INVOKING Spit Poison.
  1639 | D:3      | 1639 ||| INVOKING Spit Poison.
  1644 | D:3      | 1644 ||| INVOKING Spit Poison.
  1647 | D:3      | 1647 ||| INVOKING Spit Poison.
  1651 | D:3      | Noticed Robin
  1652 | D:3      | 1652 ||| INVOKING Spit Poison.
  1655 | D:3      | 1655 ||| INVOKING Spit Poison.
  1658 | D:3      | Reached skill level 3 in Fighting
  1658 | D:3      | Reached XP level 5. HP: 19/49 MP: 5/5
  1659 | D:3      | HP: 11/49 [goblin/+0 dagger[Robin] (2)]
  1660 | D:3      | HP: 5/49 [goblin/+0 club[Robin] (2)]
  1661 | D:3      | 1661 ||| INVOKING Spit Poison.
  1661 | D:3      | HP: 2/49 [goblin/+0 club[Robin] (2)]
  1661 | D:3      | Slain by a goblin

Levels and vault maps discovered:
D:1:      heliophobic_arrival_ceremonial_halls, layout_rooms, serial_shops, shop
D:2:      layout_basic, serial_shops, nicolae_shop_peninsula
D:3:      minmay_inner_zag, layout_loops_cross, uniq_grinder, uniq_robin

Skill      XL: |  1  2  3  4 |
---------------+-------------+-----
Ranged Weapons | 4 5 |  5.2
Fighting       | 3 |  3.0
Dodging        | |  1.5
Stealth        | |  1.5

Action                     |  1- 3 |  4- 6 || total
---------------------------+-------+-------++-------
   Fire: Shortbow          |    89 |    53 ||   142
Ability: Spit Poison       |    28 |    19 ||    47
    Use: Scroll            |     5 |       ||     5
         Potion            |     3 |       ||     3
 Armour: Leather armour    |     7 |    13 ||    20
  Dodge: Dodged            |    21 |    25 ||    46

Table legend:
 A = Non-vault XP
 B = Vault XP
 C = Vault XP percentage of total XP
 D = Non-vault monster count
 E = Vault monster count
 F = Vault count percentage of total count
                 A         B        C        D         E       F
            +---------+---------+-------+---------+---------+-------
      Total |     145 |      31 |  17.6 |      53 |       9 |  14.5
            +---------+---------+-------+---------+---------+-------
        D:1 |      37 |       0 |   0.0 |      22 |       0 |   0.0
        D:2 |      38 |       0 |   0.0 |      21 |       0 |   0.0
        D:3 |      70 |      31 |  30.7 |      10 |       9 |  47.4
            +---------+---------+-------+---------+---------+-------
